 Dungeon Crawl Stone Soup version 0.29-a0-43-g62a80824bf (webtiles) character file.

Game seed: 14258173051689680183

275232 timneilson the Tortoise (level 20, -12/187 HPs)
             Began as a Gargoyle Fighter on Feb 2, 2022.
             Was a High Priest of Okawaru.
             Mangled by Saint Roka (15 damage)
             ... on level 2 of the Vaults on Feb 3, 2022.
             The game lasted 01:34:21 (32388 turns).

timneilson the Tortoise (Gargoyle Fighter)         Turns: 32388, Time: 01:34:22

Health: -12/187    AC: 52    Str: 41    XL:     20   Next: 33%
Magic:  29/29      EV: 12    Int: 15    God:    Okawaru [*****.]
Gold:   4249       SH: 20    Dex: 12    Spells: 19/19 levels left

rFire   + . .      SeeInvis .   V - +10 double sword of Lilik {vorpal, rElec Str+2}
rCold   + + .      Faith    .   N - +0 tower shield {rC+}
rNeg    + . .      Spirit   .   C - +9 chain mail of Vlad {Int+3}
rPois   ∞          Reflect  .   S - +1 helmet
rElec   +          Harm     .   n - +1 cloak of the Hot Ocelot {-Cast rElec rCorr Str+7}
rCorr   +          Rampage  .   f - +2 pair of gloves {Dex+3}
Will    +....      NoCast   +   a - +2 pair of boots of Resonance {rF+ rCorr}
Stlth   ..........              c - amulet of regeneration
HPRegen 1.21/turn               s - ring of protection from cold
MPRegen 0.21/turn               A - +6 ring of strength

@: berserking, flying, hasted, very quick
A: sickness immunity, AC +15, big wings, negative energy resistance 1,
electricity resistance, torment resistance 1, petrification resistance
}: 2/15 runes: decaying, gossamer
a: Renounce Religion, Heroism, Finesse, Duel


You were on level 2 of the Vaults.
You worshipped Okawaru.
Okawaru was extremely pleased with you.
You visited 7 branches of the dungeon, and saw 34 of its levels.
You also visited: Ice Cave and Volcano.

You collected 5104 gold pieces.
You spent 855 gold pieces at shops.

Inventory:

Hand Weapons
 Q - a +2 scimitar of flaming
 V - the +10 double sword of Lilik (weapon) {vorpal, rElec Str+2}
   (Okawaru gifted it to you on level 1 of the Spider Nest)

   It inflicts extra damage upon your enemies.
   Str:       It affects your strength (+2).
   rElec:     It insulates you from electricity.
Armour
 a - the +2 pair of boots of Resonance (worn) {rF+ rCorr}
   (Okawaru gifted it to you on level 4 of the Lair of Beasts)

   rF:        It protects you from fire.
   rCorr:     It protects you from acid and corrosion.
 f - a +2 pair of gloves of dexterity (worn)
 g - the +7 kite shield of the Stars {Harm rF++ Str-2 Int+3}
   (Okawaru gifted it to you on level 1 of the Vaults)

   Str:       It affects your strength (-2).
   Int:       It affects your intelligence (+3).
   rF:        It greatly protects you from fire.
   Harm:      It increases damage dealt and taken.
 n - the +1 cloak of the Hot Ocelot (worn) {-Cast rElec rCorr Str+7}
   (Okawaru gifted it to you in an ice cave)

   Str:       It affects your strength (+7).
   rElec:     It insulates you from electricity.
   -Cast:     It prevents spellcasting.
   rCorr:     It protects you from acid and corrosion.
 C - the +9 chain mail of Vlad (worn) {Int+3}
   (You bought it in a shop on level 8 of the Dungeon)

   Int:       It affects your intelligence (+3).
 N - a +0 tower shield of cold resistance (worn)
 S - a +1 helmet (worn)
Jewellery
 c - an amulet of regeneration (around neck)
 i - a +6 ring of strength
 s - a ring of protection from cold (left hand)
 x - a ring of resist corrosion
 A - a +6 ring of strength (right hand)
 B - an amulet of reflection
 F - a ring of positive energy
 O - a ring of protection from cold
 R - a ring of willpower
 T - a +6 ring of strength
Wands
 b - a wand of acid (12)
 r - a wand of paralysis (24)
 v - a wand of iceblast (43)
 I - a wand of polymorph (33)
 L - a wand of flame (45)
 P - a wand of mindburst (34)
 W - a wand of digging (13)
Scrolls
 e - 10 scrolls of amnesia
 h - 27 scrolls of identify
 o - 7 scrolls of fog
 p - 6 scrolls of enchant weapon
 t - 7 scrolls of enchant armour
 u - 5 scrolls of fear
 D - 16 scrolls of teleportation
 G - a scroll of blinking
 M - 2 scrolls of holy word
 U - a scroll of magic mapping
Potions
 d - 8 potions of might
 j - 3 potions of attraction
 k - 5 potions of haste
 l - 5 potions of resistance
 m - 5 potions of magic
 q - 5 potions of mutation
 z - 4 potions of cancellation
 E - 5 potions of curing
 H - 7 potions of ambrosia
 J - 3 potions of invisibility
 K - 6 potions of brilliance
Miscellaneous
 y - a lightning rod (4/4)


   Skills:
 + Level 13.6 Fighting
 * Level 15.6 Long Blades
 * Level 18.4 Armour
 + Level 10.2 Dodging
 * Level 18.4 Shields
 + Level 12.3 Invocations
 + Level 10.4 Evocations


You had 19 spell levels left.
You didn't know any spells.
Your spell library contained the following spells:

 Spells                   Type           Power      Damage    Failure   Level
 Apportation              Tloc           0%         N/A       82%         1
 Magic Dart               Conj           0%         1d3       82%         1
 Shock                    Conj/Air       0%         1d3       82%         1
 Ensorcelled Hibernation  Hex/Ice        0%         N/A       91%         2
 Searing Ray              Conj           0%         2d4       91%         2
 Dazzling Flash           Conj/Hex       0%         N/A       99%         3
 Frozen Ramparts          Ice            0%         1d2       99%         3
 Gell's Gravitas          Tloc           0%         N/A       99%         3
 Lesser Beckoning         Tloc           0%         N/A       99%         3
 Mephitic Cloud           Conj/Pois/Air  0%         N/A       99%         3
 Ozocubu's Armour         Ice            0%         N/A       99%         3
 Spider Form              Tmut/Pois      0%         N/A       99%         3
 Swiftness                Air            0%         N/A       99%         3
 Teleport Other           Tloc           0%         N/A       99%         3
 Airstrike                Air            0%         N/A       100%        4
 Anguish                  Hex/Necr       0%         N/A       100%        4
 Cause Fear               Hex            0%         N/A       100%        4
 Fulminant Prism          Conj/Hex       0%         3d6       100%        4
 Ice Form                 Ice/Tmut       0%         N/A       100%        4
 Passage of Golubria      Tloc           0%         N/A       100%        4
 Petrify                  Tmut/Erth      0%         N/A       100%        4
 Agony                    Necr           0%         N/A       100%        5
 Blade Hands              Tmut           0%         N/A       100%        5
 Borgnjor's Vile Clutch   Necr/Erth      0%         N/A       100%        5
 Fireball                 Conj/Fire      0%         3d3       100%        5
 Irradiate                Conj/Tmut      0%         3d14      100%        5
 Iskenderun's Battlesphe  Conj           0%         2d6       100%        5
 Metabolic Englaciation   Hex/Ice        0%         N/A       100%        5
 Silence                  Hex/Air        0%         N/A       100%        5
 Yara's Violent Unravell  Hex/Tmut       0%         3d3       100%        5
 Conjure Ball Lightning   Conj/Air       0%         3x3d6     100%        6
 Dispersal                Tloc           0%         N/A       100%        6
 Starburst                Conj/Fire      0%         6d3       100%        6
 Dragon Form              Tmut           0%         N/A       100%        7
 Orb of Destruction       Conj           0%         9d5       100%        7
 Ozocubu's Refrigeration  Ice            0%         4d5       100%        7
 Ignition                 Fire           0%         3d3       100%        8
 Animate Skeleton         Necr           Unusable   N/A       N/A         1
 Summon Small Mammal      Summ           Unusable   N/A       N/A         1
 Call Imp                 Summ           Unusable   N/A       N/A         2
 Tukima's Dance           Hex            Unusable   N/A       N/A         3
 Animate Armour           Summ/Erth      Unusable   N/A       N/A         4
 Animate Dead             Necr           Unusable   N/A       N/A         4
 Summon Ice Beast         Ice/Summ       Unusable   N/A       N/A         4
 Death Channel            Necr           Unusable   N/A       N/A         6
 Simulacrum               Ice/Necr       Unusable   N/A       N/A         6
 Statue Form              Tmut/Erth      Unusable   N/A       N/A         6
 Dragon's Call            Summ           Unusable   N/A       N/A         9

Dungeon Overview and Level Annotations

Branches:
Dungeon (15/15)            Temple (1/1) D:4            Lair (6/6) D:9
  Swamp (4/4) Lair:3       Spider (4/4) Lair:3        Slime (0/5) Lair:6
    Orc (2/2) D:10            Elf (0/3) Orc:2        Vaults (2/5) D:14
 Depths (0/4) D:15          IceCv (visited)         Volcano (visited)
  Crypt: Vaults:2-3

Altars:
Ashenzari
Cheibriados
Dithmenos
Elyvilon
Fedhas
Gozag
Hepliaklqana
Kikubaaqudgha
Makhleb
Nemelex Xobeh
Okawaru
Qazlal
Ru
Sif Muna
Trog
Uskayaw
Vehumet
Wu Jian
Xom
Yredelemnul
Zin
The Shining One
Jiyva

Shops:
D:8 [=*[[   D:9 ?(*   D:14 (   Orc:1 [   Orc:2 *?([

Portals:
Trove: D:12 (lose all piety)

Annotations:
D:6 3 runed translucent doors, flotson's ghost, novice DsGl
Lair:6 1 runed translucent door
Swamp:1 1 runed translucent door, Akkies's ghost, adept TeWn
Vaults:2 36 runed doors, Saint Roka


Innate Abilities, Weirdness & Mutations

You are immune to sickness and miasma.
Your stone body is resilient. (AC +15)
You are immune to poison.
Your large and strong wings let you fly.
You resist negative energy. (rN+)
You are resistant to electric shocks. (rElec)
You are resistant to unholy torment.
You are immune to petrification.


Message History

Beogh smites you!
The orc sorcerer hits you but does no damage.
You barely miss the orc sorcerer.
The orc sorcerer is severely wounded.
Saint Roka says, "In the orcish mines, orcs kill the likes of YOU!"
Saint Roka hits you but does no damage. You block the orc sorcerer's attack.
You slice the orc sorcerer like a ripe choko!!!
You kill the orc sorcerer!
Okawaru accepts your kill.
Saint Roka mumbles some strange prayers to Beogh against you.
Beogh smites you!
You barely miss Saint Roka.
Saint Roka is lightly wounded.
Saint Roka invokes the aid of Beogh against you.
Beogh smites you!
* * * LOW HITPOINT WARNING * * *
Unknown command.
You barely miss the orc. The orc hits you but does no damage.
Saint Roka mumbles some strange prayers to Beogh against you.
Beogh smites you!
* * * LOW HITPOINT WARNING * * *
You feel yourself speed up. You block the orc's attack.
Saint Roka hits you but does no damage.
You slice the orc!!
You kill the orc!
You closely miss Saint Roka.
Saint Roka is lightly wounded.
Saint Roka hits you with a +1 great sword of electrocution!
* * * LOW HITPOINT WARNING * * *
A red film seems to cover your vision as you go berserk!
You feel yourself moving faster!
You feel mighty!
You slice Saint Roka!!
Saint Roka is moderately wounded.
Saint Roka calls down the wrath of Beogh upon you.
Beogh smites you!
* * * LOW HITPOINT WARNING * * *
You slice Saint Roka!!
Saint Roka is heavily wounded.
Saint Roka hits you with a +1 great sword of electrocution!
You die...

##.....#### #...#.#...# #..++++
#.....# #..'#'#'..# #..+ #.....#
##'#...#'## #..+ #####'######
#.#...#.# #..+ #...#...#
####...#### #..+ #....#..#
#..'###'..# #..+ #...#...#
#...#.'...# #..+ #...#...#
#.).###...# #..+
##...#..###'@##########..+
#...#..+..)o).)......#..++++
#..#...#).....).....)÷...§.. #
#..#...#.............#......
.#####...#..#.............#######
......#...#.#.............#
.......#....#.............#
#..##....#..#.............#
.##..#..#####.............#


You could see Saint Roka.

Vanquished Creatures
  Mara (Spider:4)
  Arachne (Spider:4)
  Asterion (Spider:2)
  A sphinx (Vaults:1)
  Kirke (D:13)
  2 thorn hunters (Swamp:4)
  A fenstrider witch (Swamp:2)
  A fire giant (D:15)
  5 emperor scorpions
  5 ghost moths
  2 vault wardens (Vaults:1)
  2 orc warlords
  4 ironbound thunderhulks (Vaults:2)
  4 broodmothers
  5 ironbound preservers
  A very ugly thing (Vaults:1)
  2 war gargoyles
  The ghost of Japrukh the Cleaver, a journeyman DDEE of Makhleb (Lair:2)
  Azrael (Spider:2)
  4 bunyips
  7 eleionomae
  6 entropy weavers
  7 dire elephants
  4 spark wasps
  A red draconian (Volcano)
  A fire dragon (Lair:6)
  The ghost of Imas the Thaumaturge, a journeyman DjFE of Makhleb (Lair:2)
  3 crystal guardians
  The ghost of Desusah the Arsonist, a journeyman DrCA of Ignis (Lair:2)
  2 yaktaur captains (Vaults:1)
  Fannar (D:11)
  The ghost of Tuin the Fighter, a journeyman MiBe of Trog (Lair:2)
  2 great orbs of eyes
  2 vault guards (Vaults:1)
  The ghost of Joeg the Fighter, a journeyman MiFi of Hepliaklqana (Lair:2)
  3 peacekeepers
  A death knight (D:15)
  A jorogumo (Spider:4)
  10 alligators
  A ghost crab (Swamp:4)
  22 hydras
  An ice dragon (Lair:6)
  A catoblepas (Lair:6)
  5 ogre magi
  25 two-headed ogres
  11 centaur warriors
  3 ironbound frosthearts
  10 death yaks
  A deep troll earth mage (Vaults:2)
  Urug (D:10)
  2 tengu warriors
  2 spriggan berserkers
  Sonja (Lair:3)
  8 spriggans
  5 goliath frogs
  6 pharaoh ants
  A fire crab (D:13)
  7 steelbarb worms
  5 spriggan druids
  4 bog bodies
  A death drake (Swamp:4)
  21 deep trolls
  A swamp dragon (shapeshifter) (D:14)
  11 swamp dragons
  A glowing orange brain (Vaults:1)
  An orc knight (D:15)
  A phantasmal warrior (Vaults:2)
  17 orb spiders
  11 lindwurms
  A sphinx zombie (Vaults:1)
  Pikel (D:8)
  3 necromancers
  8 ironbound convokers
  6 wizards
  2 deep elf pyromancers
  16 wolf spiders
  12 ugly things
  A deep elf zephyrmancer (D:10)
  An orc sorcerer (Vaults:2)
  5 will-o-the-wisps
  5 manticores
  28 slime creatures
  5 cyclopes
  A black mamba (shapeshifter) (D:13)
  2 moths of wrath
  6 centaur zombies
  4 elephants (Lair:6)
  9 torpor snails
  2 ice statues (IceCv)
  11 vault sentinels
  2 molten gargoyles (Volcano)
  2 black mambas
  A gargoyle (D:12)
  2 unseen horrors
  15 cane toads
  Maggie (D:8)
  2 centaur skeletons (D:8)
  12 komodo dragons
  7 freezing wraiths
  14 demonic crawlers
  An entropy weaver simulacrum (IceCv)
  14 yaktaurs
  An efreet (D:13)
  A tengu conjurer (D:15)
  4 anaconda simulacra (IceCv)
  8 rime drakes
  2 hellwings (D:8)
  7 ice devils (IceCv)
  8 meliai
  A hornet (shapeshifter) (D:14)
  3 polar bears
  4 trolls
  23 tarantellas
  15 tyrant leeches
  19 blink frogs
  13 hornets
  2 meliai zombies (D:8)
  An elf zombie (Vaults:1)
  An ettin zombie (Vaults:1)
  25 jumping spiders
  A wyvern (Lair:2)
  3 shadows
  19 culicivoras
  2 dire elephant simulacra (IceCv)
  2 wraiths
  4 basilisks
  2 fire bats (Volcano)
  38 redbacks
  3 vampires
  48 yaks
  4 fire elementals (Spider:2)
  3 hogs (D:13)
  A human (D:13)
  A steam dragon (D:9)
  12 vampire mosquitoes
  15 swamp worms
  A swamp worm (shapeshifter) (D:15)
  6 wargs
  3 harpy simulacra (IceCv)
  6 acid dragons
  19 water moccasins
  3 hell hounds (Spider:2)
  12 swamp drakes
  20 orc warriors
  2 necrophages (D:5)
  A black bear (D:5)
  2 ice beasts
  17 wolves
  3 boggarts (Vaults:1)
  28 ogres
  12 centaurs
  A kobold brigand (D:9)
  Blork the orc (D:6)
  12 bullfrogs
  A wyvern zombie (D:8)
  2 human skeletons (Vaults:1)
  3 scorpions
  13 killer bees
  3 wights (D:7)
  A howler monkey (D:9)
  2 bullfrog zombies (D:5)
  6 lava snakes (Volcano)
  A crimson imp (D:10)
  2 jellies
  A hound (D:6)
  14 orc priests
  Crazy Yiuf (D:5)
  A bullfrog skeleton (D:2)
  2 gnoll shamans
  An iron imp (D:10)
  7 iguanas
  Natasha (D:2)
  A scorpion zombie (D:5)
  22 orc wizards
  6 hell rats (Lair:5)
  A troll simulacrum (IceCv)
  A killer bee zombie (D:6)
  Robin (D:4)
  10 gnolls
  3 howler monkey zombies
  5 adders
  6 shadow imps
  5 white imps
  2 ufetubi
  3 worms
  2 dart slugs
  67 orcs
  11 ball pythons
  6 endoplasms
  4 giant cockroaches
  14 goblins
  10 hobgoblins
  13 jackals
  4 quokkas
  2 bats (D:2)
  5 frilled lizards
  13 kobolds
  4 rats
  2 briar patches (Swamp:4)
1219 creatures vanquished.

Vanquished Creatures (others)
  An orb spider (Spider:4)
  A bog body (Swamp:4)
  4 bloated husks
  A redback (Spider:4)
  A hell hound (Spider:2)
  2 swamp drakes (Swamp:4)
  An orc wizard (D:15)
  An ufetubus (IceCv)
  3 orcs
  32 foxfires
  26 fungi
  64 plants
  A withered plant (D:8)
138 creatures vanquished.

Grand Total: 1357 creatures vanquished

Notes
Turn   | Place    | Note
-------+----------+-------------------------------------------
     0 | D:1      | timneilson the Gargoyle Fighter began the quest for the
                  | Orb.
     0 | D:1      | Reached XP level 1. HP: 14/14 MP: 1/1
   362 | D:1      | Found a faded altar of an unknown god.
   385 | D:1      | Reached XP level 2. HP: 14/19 MP: 2/2
   872 | D:1      | Reached XP level 3. HP: 19/23 MP: 3/3
  1533 | D:1      | Identified a scroll of acquirement
  1533 | D:1      | Acquired a +5 vampiric scimitar
  1940 | D:2      | Reached XP level 4. HP: 28/28 MP: 4/4
  2344 | D:2      | Noticed Natasha
  2353 | D:2      | Killed Natasha
  2354 | D:2      | Reached XP level 5. HP: 27/33 MP: 5/5
  2487 | D:2      | Acquired the +9 demon blade of the Radish {pain, rF+}
  2528 | D:3      | Found a snail-covered altar of Cheibriados.
  2584 | D:3      | Found a blossoming altar of Fedhas.
  2597 | D:3      | Reached skill level 1 in Dodging
  3029 | D:3      | Found a white marble altar of Elyvilon.
  3571 | D:4      | Noticed Robin
  3604 | D:4      | Found a staircase to the Ecumenical Temple.
  3619 | Temple   | Entered the Ecumenical Temple
  3719 | D:4      | Reached XP level 6. HP: 34/38 MP: 6/6
  3726 | D:4      | Killed Robin
  4001 | D:4      | Found a basalt altar of Yredelemnul.
  4012 | D:4      | Found a glowing golden altar of the Shining One.
  4014 | D:4      | Noticed an angel
  4216 | D:4      | Found a sparkling altar of Nemelex Xobeh.
  4266 | D:4      | Reached skill level 5 in Armour
  4552 | D:5      | Entered Level 5 of the Dungeon
  4603 | D:5      | Reached skill level 5 in Shields
  4603 | D:5      | Reached XP level 7. HP: 38/43 MP: 7/7
  4668 | D:5      | Noticed a yak
  4668 | D:5      | Noticed a yak
  4669 | D:5      | Noticed a yak
  4669 | D:5      | Noticed a yak
  4670 | D:5      | Noticed a yak
  4688 | D:5      | Killed a yak
  4694 | D:5      | Killed a yak
  4695 | D:5      | Reached XP level 8. HP: 36/48 MP: 8/8
  4699 | D:5      | Killed a yak
  4962 | D:4      | Killed a yak
  5227 | D:5      | Killed a yak
  5228 | D:5      | Reached skill level 5 in Fighting
  5228 | D:5      | Reached skill level 5 in Long Blades
  5279 | D:5      | Found a hazy altar of Hepliaklqana.
  5279 | D:5      | Found a hide-covered altar of Uskayaw.
  5464 | D:5      | Found a sacrificial altar of Ru.
  5582 | D:5      | Identified the +11 mace of Lyxio {protect, rF+ Will+++
                  | Stlth-}
  5585 | D:5      | Found a runed translucent door.
  5586 | D:5      | Noticed Crazy Yiuf
  5592 | D:5      | Killed Crazy Yiuf
  5593 | D:5      | Reached XP level 9. HP: 52/54 MP: 6/9
  5731 | D:5      | Found a radiant altar of Vehumet.
  6069 | D:6      | Found a runed translucent gate.
  6069 | D:6      | Found a runed translucent gate.
  6069 | D:6      | Found a runed translucent gate.
  6069 | D:6      | Noticed flotson's ghost (novice DsGl)
  6069 | D:6      | Noticed a kobold demonologist
  6130 | D:6      | Noticed Blork the orc
  6138 | D:6      | Killed Blork the orc
  6339 | D:7      | Found an opulent altar of Gozag.
  6384 | D:7      | Found an iron altar of Okawaru.
  6389 | D:7      | Became a worshipper of Warmaster Okawaru
  6656 | D:7      | Reached skill level 1 in Evocations
  7115 | D:7      | Reached skill level 1 in Invocations
  7370 | D:8      | HP: 2/55 [something (3)]
  7392 | D:7      | HP: 1/55 [something (7)]
  7395 | D:7      | Killed an unseen horror
  7395 | D:7      | Reached * piety under Okawaru
  7548 | D:8      | Noticed Pikel
  7558 | D:8      | Killed Pikel
  7559 | D:8      | Reached XP level 10. HP: 24/60 MP: 11/11
  7854 | D:8      | Found Ziekous's Antique Armour Shoppe.
  7870 | D:8      | Found Gaxe Sehir's Antique Armour Shoppe.
  7876 | D:8      | Found Myegru's Jewellery Shop.
  7882 | D:8      | Found Oho Peyst's Antique Armour Shoppe.
  7901 | D:8      | Bought a shimmering chain mail for 209 gold pieces
  7901 | D:8      | Identified the +9 chain mail of Vlad {Int+3} (You bought it
                  | in a shop on level 8 of the Dungeon)
  7924 | D:8      | Found Kodec's General Store.
  7927 | D:8      | Bought a potion of heal wounds for 70 gold pieces
  7927 | D:8      | Bought a +0 kite shield of protection for 161 gold pieces
  7991 | D:8      | Reached ** piety under Okawaru
  8089 | D:8      | Reached *** piety under Okawaru
  8357 | D:8      | Noticed Maggie
  8367 | D:8      | Killed Maggie
  8368 | D:8      | Reached XP level 11. HP: 62/66 MP: 13/13
  8486 | D:9      | Found a staircase to the Lair.
  8504 | D:9      | Found Vubrank's Antique Weapon Emporium.
  8566 | D:9      | Found Mesol's Magic Scroll Emporium.
  8647 | D:9      | Noticed a two-headed ogre
  8655 | D:9      | Killed a two-headed ogre
  8793 | D:9      | Reached **** piety under Okawaru
  9089 | D:9      | Found Tiddydy's General Store.
  9269 | D:10     | Entered Level 10 of the Dungeon
  9273 | D:10     | Received a gift from Okawaru
  9451 | D:10     | Found a staircase to the Orcish Mines.
  9490 | D:10     | Noticed Urug
  9528 | D:10     | Killed Urug
  9528 | D:10     | Reached ***** piety under Okawaru
  9529 | D:10     | Reached skill level 10 in Armour
  9618 | D:10     | Reached skill level 10 in Shields
 10094 | D:10     | Noticed a deep elf zephyrmancer
 10100 | D:10     | Killed a deep elf zephyrmancer
 10100 | D:10     | Identified the +1 plate armour of Oblivion {-Tele Int+6}
                  | (Okawaru gifted it to you on level 10 of the Dungeon)
 10100 | D:10     | Received a gift from Okawaru
 10107 | D:10     | Noticed a deep elf pyromancer
 10119 | D:10     | Killed a deep elf pyromancer
 10354 | D:11     | Noticed Fannar
 10369 | D:11     | Killed Fannar
 10370 | D:11     | Reached skill level 5 in Invocations
 10370 | D:11     | Reached XP level 12. HP: 33/73 MP: 13/15
 10593 | D:11     | Reached skill level 5 in Dodging
 11097 | D:12     | Identified the +6 long sword "Nalu Dae" {protect, Dex+8
                  | Stlth-}
 11616 | D:12     | Found a portal to a secret trove of treasure.
 12013 | D:13     | Noticed a six-headed hydra
 12074 | D:13     | Killed a one-headed hydra
 12221 | D:13     | Noticed a centaur warrior
 12227 | D:13     | Noticed a two-headed ogre
 12235 | D:13     | Killed a centaur warrior
 12236 | D:13     | Reached skill level 5 in Evocations
 12252 | D:13     | Killed a two-headed ogre
 12258 | D:13     | Reached XP level 13. HP: 79/79 MP: 17/17
 12287 | D:13     | Received a gift from Okawaru
 12363 | D:13     | Noticed an orc warlord
 12385 | D:13     | Identified the +4 hand axe of Gozag's Outrage {spect, rF-
                  | rC++ Str+4}
 12399 | D:13     | Killed an orc warlord
 12638 | D:13     | Noticed Kirke
 12649 | D:13     | Reached skill level 10 in Long Blades
 12671 | D:13     | Killed Kirke
 12671 | D:13     | Received a gift from Okawaru
 13086 | Lair:1   | Entered Level 1 of the Lair of Beasts
 13217 | Lair:1   | Found a frozen archway.
 13243 | IceCv    | Entered an ice cave
 13411 | IceCv    | Reached ****** piety under Okawaru
 13498 | IceCv    | Gained mutation: Your large and strong wings let you fly.
                  | [Gargoyle growth]
 13498 | IceCv    | Reached XP level 14. HP: 86/86 MP: 16/19
 13604 | IceCv    | Identified the +1 cloak of the Hot Ocelot {-Cast rElec
                  | rCorr Str+7} (Okawaru gifted it to you in an ice cave)
 13604 | IceCv    | Received a gift from Okawaru
 14852 | Lair:2   | Found a runed translucent gate.
 14852 | Lair:2   | Found a runed translucent gate.
 14852 | Lair:2   | Found a runed translucent gate.
 14852 | Lair:2   | Noticed Desusah's ghost (journeyman DrCA)
 14852 | Lair:2   | Noticed Japrukh's ghost (journeyman DDEE)
 14852 | Lair:2   | Noticed Imas's ghost (journeyman DjFE)
 14852 | Lair:2   | Noticed Joeg's ghost (journeyman MiFi)
 14854 | Lair:2   | Noticed Tuin's ghost (journeyman MiBe)
 14873 | Lair:2   | Killed Desusah's ghost
 14889 | Lair:2   | Killed Japrukh's ghost
 14899 | Lair:2   | Killed Joeg's ghost
 14926 | Lair:2   | Killed Tuin's ghost
 14946 | Lair:2   | Killed Imas's ghost
 14960 | Lair:2   | Got Geschefro's Reference Book on Mutagenic Clay
 15204 | Lair:2   | Acquired 932 gold pieces
 15293 | Lair:3   | Found a dark tunnel.
 15311 | Volcano  | Entered a volcano
 15483 | Volcano  | Found a burning altar of Makhleb.
 15515 | Volcano  | Noticed a red draconian
 15531 | Volcano  | Killed a red draconian
 15831 | Lair:3   | Received a gift from Okawaru
 15905 | Lair:3   | Found a staircase to the Swamp.
 15968 | Lair:3   | Reached skill level 10 in Fighting
 15990 | Lair:3   | Noticed Sonja
 16005 | Lair:3   | Killed Sonja
 16049 | Lair:3   | Found a hole to the Spider Nest.
 16893 | Lair:4   | Reached XP level 15. HP: 92/92 MP: 21/21
 17081 | Lair:4   | Identified the +2 pair of boots of Resonance {rF+ rCorr}
                  | (Okawaru gifted it to you on level 4 of the Lair of Beasts)
 17081 | Lair:4   | Received a gift from Okawaru
 18135 | Lair:6   | Entered Level 6 of the Lair of Beasts
 18646 | Lair:6   | Found a runed translucent door.
 18798 | Lair:6   | Received a gift from Okawaru
 18953 | Lair:6   | Found a runed translucent door.
 18953 | Lair:6   | Found a viscous altar of Jiyva.
 19199 | Lair:6   | Noticed an acid blob
 19386 | Lair:6   | Found a staircase to the Slime Pits.
 19579 | Orc:1    | Entered Level 1 of the Orcish Mines
 19589 | Orc:1    | Found Iwaiprimp's Antique Armour Boutique.
 19784 | Orc:2    | Entered Level 2 of the Orcish Mines
 19924 | Orc:2    | Found a staircase to the Elven Halls.
 20031 | Orc:2    | Reached XP level 16. HP: 79/99 MP: 22/22
 20091 | Orc:2    | Paralysed by something for 5 turns
 20304 | Orc:2    | Found Qesoc's Assorted Antiques.
 20304 | Orc:2    | Found Qulabon's Weapon Shop.
 20304 | Orc:2    | Found Hoceam Miekh's Magic Scroll Shop.
 20304 | Orc:2    | Found Nonuez's Antique Armour Shoppe.
 20327 | Orc:2    | Bought a scroll of enchant armour for 127 gold pieces
 20327 | Orc:2    | Bought a scroll of holy word for 127 gold pieces
 20327 | Orc:2    | Bought a scroll of blinking for 127 gold pieces
 20327 | Orc:2    | Bought a scroll of fog for 34 gold pieces
 21103 | D:14     | Found Uvoziefiwe's Weapon Shop.
 21484 | D:14     | Reached skill level 15 in Armour
 21490 | D:14     | Identified the +1 scale mail of the Fiddle {rPois SInv}
                  | (Okawaru gifted it to you on level 14 of the Dungeon)
 21490 | D:14     | Received a gift from Okawaru
 21524 | D:14     | Found a gate to the Vaults.
 21556 | D:14     | Reached skill level 15 in Shields
 21760 | D:15     | Entered Level 15 of the Dungeon
 21967 | D:15     | Found a broken altar of Ashenzari.
 22190 | D:15     | Found a staircase to the Depths.
 22672 | Swamp:1  | Entered Level 1 of the Swamp
 23142 | Swamp:1  | Found a runed translucent door.
 23143 | Swamp:1  | Found a shimmering altar of Xom.
 23143 | Swamp:1  | Noticed Akkies's ghost (adept TeWn)
 23144 | Swamp:1  | You are sucked into a shaft and drop 1 floor!
 23262 | Swamp:2  | Reached XP level 17. HP: 104/104 MP: 24/24
 23313 | Swamp:2  | Reached skill level 10 in Invocations
 24461 | Swamp:3  | Received a gift from Okawaru
 24461 | Swamp:3  | Found the +3 pair of seven-league boots {Rampage+∞}
 24635 | Swamp:4  | Entered Level 4 of the Swamp
 25012 | Swamp:4  | Got a decaying rune of Zot
 25643 | Spider:1 | Entered Level 1 of the Spider Nest
 25806 | Spider:1 | Identified the +10 double sword of Lilik {vorpal, rElec
                  | Str+2} (Okawaru gifted it to you on level 1 of the Spider
                  | Nest)
 25806 | Spider:1 | Received a gift from Okawaru
 25916 | Spider:1 | Reached XP level 18. HP: 112/112 MP: 24/26
 26566 | Spider:2 | Identified the +0 hat of Lies {Dex+3} (Okawaru gifted it to
                  | you on level 2 of the Spider Nest)
 26566 | Spider:2 | Received a gift from Okawaru
 26786 | Spider:2 | Noticed Asterion
 26813 | Spider:2 | Killed Asterion
 26817 | Spider:2 | Noticed Azrael
 26890 | Spider:2 | Killed Azrael
 28452 | Spider:4 | Entered Level 4 of the Spider Nest
 28691 | Spider:4 | Noticed Arachne
 28708 | Spider:4 | Killed Arachne
 28708 | Spider:4 | Received a gift from Okawaru
 29029 | Spider:4 | Received a gift from Okawaru
 29030 | Spider:4 | Reached XP level 19. HP: 96/118 MP: 7/27
 29133 | Spider:4 | Noticed Mara
 29141 | Spider:4 | Noticed timneilson's illusion
 29154 | Spider:4 | Killed Mara
 29625 | Spider:4 | Got a gossamer rune of Zot
 29928 | Vaults:1 | Entered Level 1 of the Vaults
 30344 | Vaults:1 | Identified the +7 kite shield of the Stars {Harm rF++ Str-2
                  | Int+3} (Okawaru gifted it to you on level 1 of the Vaults)
 30344 | Vaults:1 | Received a gift from Okawaru
 30373 | Vaults:1 | Reached skill level 15 in Long Blades
 30568 | Vaults:1 | Reached skill level 10 in Evocations
 30619 | Vaults:1 | HP: 3/119 [dire elephant[a glowing orange brain] (17)]
 30619 | Vaults:1 | HP: 1/119 [dire elephant[a glowing orange brain] (2)]
 31689 | Vaults:2 | Reached skill level 10 in Dodging
 31796 | Vaults:2 | Reached XP level 20. HP: 109/125 MP: 29/29
 31897 | Vaults:2 | Received a gift from Okawaru
 32067 | Vaults:2 | Found a huge runed gate.
 32067 | Vaults:2 | Found a huge runed gate.
 32067 | Vaults:2 | Found a huge runed gate.
 32067 | Vaults:2 | Found a huge runed gate.
 32067 | Vaults:2 | Found a huge runed gate.
 32067 | Vaults:2 | Found a huge runed gate.
 32104 | Vaults:2 | Found a huge runed gate.
 32104 | Vaults:2 | Found a huge runed gate.
 32104 | Vaults:2 | Found a huge runed gate.
 32104 | Vaults:2 | Found a huge runed gate.
 32104 | Vaults:2 | Found a huge runed gate.
 32105 | Vaults:2 | Found a huge runed gate.
 32109 | Vaults:2 | Found a huge runed gate.
 32110 | Vaults:2 | Found a huge runed gate.
 32111 | Vaults:2 | Found a huge runed gate.
 32129 | Vaults:2 | Found a huge runed gate.
 32129 | Vaults:2 | Found a huge runed gate.
 32129 | Vaults:2 | Found a huge runed gate.
 32129 | Vaults:2 | Found a huge runed gate.
 32129 | Vaults:2 | Found a huge runed gate.
 32129 | Vaults:2 | Found a huge runed gate.
 32130 | Vaults:2 | Found a huge runed gate.
 32131 | Vaults:2 | Found a huge runed gate.
 32132 | Vaults:2 | Found a huge runed gate.
 32142 | Vaults:2 | Found a huge runed gate.
 32142 | Vaults:2 | Found a huge runed gate.
 32142 | Vaults:2 | Found a huge runed gate.
 32142 | Vaults:2 | Found a huge runed gate.
 32142 | Vaults:2 | Found a huge runed gate.
 32142 | Vaults:2 | Found a huge runed gate.
 32143 | Vaults:2 | Found a huge runed gate.
 32144 | Vaults:2 | Found a huge runed gate.
 32145 | Vaults:2 | Found a huge runed gate.
 32153 | Vaults:2 | Found a huge runed gate.
 32153 | Vaults:2 | Found a huge runed gate.
 32153 | Vaults:2 | Found a huge runed gate.
 32168 | Vaults:2 | Noticed Saint Roka
 32387 | Vaults:2 | HP: 2/187 [Saint Roka/divine providence (15)]
 32388 | Vaults:2 | Mangled by Saint Roka

Illustrated notes

Levels and vault maps discovered:
D:1:      dpeg_arrival_connections, layout_loops_cross,
          shapermc_ecumenical_altar_mp_urbaneastern
D:2:      cheibrodos_old_hovel, layout_basic, uniq_natasha
D:3:      layout_basic, overflow_temple_1_default,
          nicolae_overflow_crystal_walls, mainiacjoe_overflow_six_doors_small
D:4:      layout_cave_pools, grunt_temple_overflow_holy_war,
          nemelex_diamond_rough_becter, minmay_temple_entry_slanted, uniq_robin
D:5:      layout_cave_pools, nicolae_ru_awakened_eye,
          mainiacjoe_overflow_alcove_2, jmf_multi_god_temple,
          uniq_crazy_yiuf_cottage
D:6:      layout_basic, gammafunk_ghost_nasty_kobolds, uniq_blork_the_orc
D:7:      layout_loops_ring, nicolae_gozag_cash_rules_everything_around_me,
          okawaru_trees_1, kennysheep_generic_room_9
D:8:      cheibrodos_grave_circle, layout_gridville, serial_shops, shop, shop,
          nicolae_diamond_shop, shop, nicolae_shop_behind_doors, uniq_maggie,
          uniq_pikel
D:9:      layout_irregular_city, lair_entry_dummy, serial_shops,
          nicolae_shop_stone, kennysheep_little_box, nicolae_stop_n_shop_1,
          hive_lemuel
D:10:     layout_loops_ring, erik_orc_4, nicolae_zen_rock_garden,
          hangedman_minor_magic, uniq_urug
D:11:     layout_loops_ring, uniq_fannar
D:12:     layout_long_grid, trove_entry_hex_spiral
D:13:     layout_irregular_city, minmay_the_grid_2x2
          [minmay_the_grid_aliased_spiral, minmay_the_grid_armoury,
          minmay_the_grid_broken_lines, minmay_the_grid_prize_four_corners],
          uniq_kirke
D:14:     layout_irregular_city, david_vaults_1, serial_column_ruins,
          column_ruins_hut, column_ruins_hut_water, column_ruins_open_medium,
          column_ruins_open_small_water, column_ruins_open_tiny,
          column_ruins_columns_dead_end, column_ruins_corridor_corner,
          column_ruins_grid_1, serial_shops, nicolae_diamond_shop,
          minmay_crystal_room
D:15:     grunt_enter_depths_giant_problem, layout_gridville,
          amcnicky_mini_rare_corridor_liquid, nicolae_ashenzari_panopticon
Temple:   eino_temple_lava
Lair:1:   layout_regular_city, portal_ice_cave_rime
Lair:2:   layout_regular_city, gammafunk_ghost_cemetery
Lair:3:   layout_loops_ring, minmay_swamp_entry_swarm, dummy_spider_entry,
          nicolae_volcano_entry_vermiform, uniq_sonja
Lair:4:   layout_loops_ring, serial_bayou_shore_a, grunt_megastairs_2
Lair:5:   layout_loops_ring
Lair:6:   wormcave, layout_hall_layers, guppyfry_lair_end_dragon, slime_altar_2,
          infiniplex_staircase_pool_2, grunt_megastairs_4
Swamp:1:  layout_basic_swamp, ebering_ghost_xom, evilmike_swamp_ruin_rubble_1
Swamp:2:  layout_basic_swamp, serial_swamp_ruin, hangedman_swamp_ruin_wall,
          evilmike_swamp_ruin_wall
Swamp:3:  layout_falls_marsh, evilmike_swamp_ruin_house_2, swamp_pool1
Swamp:4:  swamp_basic_johnstein, layout_basic_swamp, swamp_pool4,
          lightli_tree_ring
Spider:1: layout_spider_delve
Spider:2: layout_spider_delve, nicolae_spider_claw_tunnel, uniq_azrael,
          uniq_asterion
Spider:3: layout_spider_delve
Spider:4: grunt_spider_rune_island, uniq_arachne, uniq_mara
Orc:1:    layout_diamond_mine, serial_shops, shop
Orc:2:    st_orc_ogre_mass, layout_caves, nicolae_orc_bridge_out
Vaults:1: vaults_room_fours, hangedman_vaults_corner_blocks,
          vaults_room_grunt_arrival_ludios, vaults_dpeg_encased_lava,
          vaults_dpeg_hooks, nicolae_vaults_little_squares_5, v_rooms_4,
          v_misc_1, hangedman_vaults_restitches, layout_vaults_quadrants
Vaults:2: vaults_dpeg_diagonal, vaults_room_door_ring, hangedman_vaults_stream,
          v_misc_25, not_door_vault_mu, grunt_vaults_funnel, st_squares,
          vaults_standard_mumra_enter_the_diamond, v_misc_1,
          nicolae_vaults_little_squares_2, ontoclasm_vaults_fault,
          vaults_room_ringed_pool, nicolae_vaults_diagonal_hallway_9,
          layout_vaults_omnibox, uniq_saint_roka, uniq_donald

Skill      XL: |  1  2  3  4  5  6  7  8  9 10 11 12 13 14 15 16 17 18 19 |
---------------+----------------------------------------------------------+-----
Long Blades    | 2 3 4 5 6 7 8 9 10 11 12 13 14 15 | 15.6
Armour         | 4 5 6 7 8 9 10 11 12 13 14 15 16 17 18 | 18.4
Shields        | 4 5 6 8 9 10 11 12 13 14 15 16 17 18 | 18.4
Dodging        | 1 2 3 4 5 6 7 8 9 10 | 10.2
Fighting       | 4 5 6 7 8 9 10 11 12 13 | 13.6
Evocations     | 2 3 4 5 6 7 8 9 10 | 10.4
Invocations    | 2 3 5 6 7 8 9 10 11 12 | 12.3

Action                   |  1- 3 |  4- 6 |  7- 9 | 10-12 | 13-15 | 16-18 | 19-21 || total
-------------------------+-------+-------+-------+-------+-------+-------+-------++-------
Melee: Long sword        |   105 |       |       |       |       |       |       ||   105
       Scimitar          |    29 |    34 |       |       |    41 |    77 |       ||   181
       Demon blade       |       |   111 |   186 |   576 |  1361 |   968 |       ||  3202
       Hand axe          |       |       |       |    10 |       |       |       ||    10
       Double sword      |       |       |       |       |       |   573 |   669 ||  1242
Invok: Heroism           |       |       |       |    12 |    14 |    21 |    20 ||    67
       Finesse           |       |       |       |     1 |     3 |     2 |     4 ||    10
Evoke: Wand              |       |       |       |     2 |     1 |       |     2 ||     5
  Use: Scroll            |     6 |     3 |     6 |     9 |     8 |     2 |     1 ||    35
       Potion            |       |       |     3 |     1 |       |     4 |     3 ||    11
 Stab: Confused          |       |       |       |       |       |     2 |       ||     2
Armor: Scale mail        |    78 |    79 |    65 |       |       |       |       ||   222
       Chain mail        |       |       |    75 |   521 |   746 |  1289 |   481 ||  3112
Dodge: Dodged            |    75 |    71 |    54 |   247 |   402 |   629 |   353 ||  1831
Block: Buckler           |    27 |    34 |    45 |     4 |       |       |       ||   110
       Kite shield       |       |       |       |   356 |   271 |       |       ||   627
       Tower shield      |       |       |       |       |   681 |  1808 |   852 ||  3341

Table legend: (Time is in decaauts)
 A = Elapsed time spent in this place.
 B = Non-inter-level travel time spent in this place.
 C = Inter-level travel time spent in this place.
 D = Time resting spent in this place.
 E = Time spent auto-exploring this place.
 F = Levels seen in this place.
 G = Mean time per level.
                   A        B        C        D        E       F      G
               +--------+--------+--------+--------+--------+-----+--------+
         Total |  31960 |  30094 |   1866 |   1238 |  19015 |  36 |  887.8 |
       Dungeon |  15011 |  13958 |   1053 |    960 |   9416 |  15 | 1000.7 |
        Temple |     83 |     77 |      6 |      0 |     73 |   1 |   83.0 |
          Lair |   5701 |   5349 |    352 |      0 |   3513 |   6 |  950.2 |
         Swamp |   2869 |   2683 |    186 |     66 |   1610 |   4 |  717.2 |
   Spider Nest |   4003 |   3849 |    154 |    157 |   2213 |   4 | 1000.8 |
  Orcish Mines |   1236 |   1128 |    108 |     55 |    707 |   2 |  618.0 |
        Vaults |   2231 |   2227 |      4 |      0 |   1285 |   2 | 1115.5 |
      Ice Cave |    376 |    376 |      0 |      0 |     44 |   1 |  376.0 |
       Volcano |    448 |    448 |      0 |      0 |    154 |   1 |  448.0 |
               +--------+--------+--------+--------+--------+-----+--------+

Top non-repeatable levels by time:
     D:1: 1616 daAuts
Vaults:1: 1518 daAuts
Spider:3: 1452 daAuts
  Lair:6: 1328 daAuts
     D:3: 1265 daAuts
     D:4: 1252 daAuts
    D:13: 1230 daAuts
    D:10: 1222 daAuts
     D:8: 1099 daAuts
  Lair:3: 1024 daAuts
Spider:4: 982 daAuts
     D:2: 964 daAuts
    D:14: 960 daAuts
  Lair:2: 907 daAuts
  Lair:1: 905 daAuts
